 Dungeon Crawl Stone Soup version 0.30-a0-634-g8abc85282e (webtiles) character file.

Game seed: 1501516629150468969

1235 Bnni the Cutter (level 8, 0/43 HPs)
             Began as a Vine Stalker Brigand on Jan 13, 2023.
             Succumbed to a gnoll's poison
             ... on level 5 of the Dungeon on Jan 14, 2023.
             The game lasted 00:07:47 (3910 turns).

Bnni the Cutter (Vine Stalker Brigand)              Turns: 3910, Time: 00:07:47

Health: 0/43       AC: 11    Str: 15    XL:     8   Next: 49%
Magic:  4/9        EV: 10    Int: 11    God:
Gold:   242        SH:  5    Dex: 23    Spells: 7/7 levels left

rFire   . . .      SeeInvis .    a - +2 dagger
rCold   + . .      Faith    .    D - +0 buckler
rNeg    . . .      Spirit   +    C - +3 ring mail
rPois   .          Reflect  .    l - +0 helmet
rElec   .          Harm     .    c - +0 cloak
rCorr   .          Rampage  .    o - +0 pair of gloves
Will    +....                    (no boots)
Stlth   +++                      h - amulet of the acrobat
HPRegen 1.07/turn                i - ring of protection from cold
MPRegen 0.11/turn                y - +6 ring of dexterity

@: lethally poisoned (0 -> -18)
A: fangs 3, regeneration 1, magic shield, antimagic bite, no potion heal 2
a: no special abilities


You were on level 5 of the Dungeon.
You visited 1 branch of the dungeon, and saw 5 of its levels.

You collected 242 gold pieces.

Inventory:

Hand Weapons
 a - a +2 dagger (weapon)
 t - a +1 dagger of flaming
Missiles
 d - 14 poisoned darts (quivered)
 e - a curare-tipped dart
 A - a throwing net
Armour
 c - a +0 cloak (worn)
 l - a +0 helmet (worn)
 o - a +0 pair of gloves (worn)
 C - a +3 ring mail (worn)
 D - a +0 buckler (worn)
Jewellery
 h - an amulet of the acrobat (around neck)
 i - a ring of protection from cold (left hand)
 y - a +6 ring of dexterity (right hand)
Wands
 G - a wand of iceblast (9)
Scrolls
 b - 2 scrolls of enchant armour {unknown}
 g - 5 scrolls of teleportation
 k - 5 scrolls of identify {unknown}
 n - a scroll of magic mapping {unknown}
 r - a scroll of fog {unknown}
 s - a scroll of noise {unknown}
 x - a scroll of immolation {unknown}
 z - a scroll of vulnerability {unknown}
 B - a scroll of fear {unknown}
Potions
 f - 2 potions of berserk rage {unknown}
 j - a potion of resistance {unknown}
 m - a potion of haste {unknown}
 p - 2 potions of flight {unknown}
 q - 2 potions of attraction {unknown}
 u - 3 potions of lignification {unknown}
 v - 2 potions of mutation {unknown}
 w - 2 potions of heal wounds {unknown}
 E - a potion of magic {unknown}
 F - a potion of might {unknown}


   Skills:
 + Level 5.3 Fighting
 * Level 7.4 Short Blades
 - Level 1.7 Throwing
 - Level 0.7 Dodging
 - Level 4.8 Stealth
 + Level 1.6 Shields


You had 7 spell levels left.
You didn't know any spells.
Your spell library contained the following spells:

 Spells                   Type           Power      Damage    Failure   Level
 Sandblast                Erth           0%         2d4       67%         1
 Passwall                 Tmut/Erth      0%         N/A       82%         2
 Sublimation of Blood     Necr           0%         N/A       82%         2
 Stone Arrow              Conj/Erth      0%         3d7       96%         3
 Petrify                  Tmut/Erth      0%         N/A       100%        4
 Irradiate                Conj/Tmut      0%         3d11      100%        5


Dungeon Overview and Level Annotations

Branches:
Dungeon (5/15)
 Temple: D:4-7

Altars:
Ashenzari
Elyvilon


Innate Abilities, Weirdness & Mutations

You have razor-sharp teeth.
Your natural rate of healing is unusually fast.
When hurt, damage is shared between your health and your magic reserves.
Your bite disrupts and absorbs the magic of your enemies.
Potions cannot restore your health.


Message History

You are more poisoned.
You hit the gnoll but do no damage.
The gnoll is heavily wounded.
You feel very sick. The gnoll closely misses you.
You hit the gnoll.
The gnoll is severely wounded.
You feel very sick. The gnoll barely misses you.
You hit the gnoll. You bite the gnoll, but do no damage.
The gnoll is severely wounded.
You feel sick.
You hit the gnoll but do no damage.
The gnoll is severely wounded.
You feel very sick.
The gnoll hits you with a +1 halberd of venom.
You are more poisoned.
You are too injured to fight recklessly!
You are too injured to fight recklessly!
You hit the gnoll but do no damage.
The gnoll is severely wounded.
You feel very sick. The gnoll barely misses you.
You hit the gnoll. You bite the gnoll. You drain its power.
You feel invigorated.
The gnoll is almost dead.
You feel very sick.
You hit the gnoll but do no damage. Your bite misses the gnoll.
The gnoll is almost dead.
You feel very sick.
The gnoll hits you with a +1 halberd of venom!
* * * LOW HITPOINT WARNING * * *
You are more poisoned.
Throw: 2 throwing nets
Press: ? - help, Shift-Dir - straight line, f - gnoll
Aim: a gnoll, wielding a +1 halberd of venom (almost dead, 69% to hit)
You throw a throwing net. The throwing net hits the gnoll.
The gnoll is caught in the net!
The gnoll is almost dead.
You die...

#..####.....###.....##..# #.
#..###...†.###.....###..###.
#...####'#######'#####..##..
#.......................#..#
#...........###....#....#.##
###########.# ##+####.......
#.# #.## ##.#.### #.# #..#
#.#.# # #@# ##.# #.#.# # #g#
#.# #...# #
###.##g#####.####.### #
.......gg..........#
####.##.#.###....#.# #
#.#g.....>##.#
#............#
#.####)#####.#..#
#.........##.#..#


You could see 4 gnolls.

Vanquished Creatures
  Sigmund (D:4)
  2 ice beasts (D:5)
  A black bear (D:5)
  2 ogres
  A gnoll sergeant (D:5)
  2 scorpions
  A howler monkey (D:5)
  An iguana (D:5)
  Terence (D:3)
  Natasha (thrice) (D:3)
  An orc wizard (D:4)
  10 gnolls
  9 adders
  A shadow imp (D:4)
  An ufetubus (D:4)
  2 dart slugs
  6 worms
  7 orcs (D:4)
  4 bats
  4 endoplasms
  4 giant cockroaches
  2 goblins
  3 hobgoblins
  7 jackals
  3 kobolds
  4 ball pythons
  2 frilled lizards
  8 rats
93 creatures vanquished.

Notes
Turn   | Place    | Note
-------+----------+-------------------------------------------
     0 | D:1      | Bnni the Vine Stalker Brigand began the quest for the Orb.
     0 | D:1      | Reached XP level 1. HP: 11/11 MP: 2/2
    33 | D:1      | Reached skill level 2 in Short Blades
   153 | D:1      | Reached XP level 2. HP: 15/15 MP: 3/3
   585 | D:2      | You fall into a shaft and drop 1 floor!
   600 | D:2      | Reached XP level 3. HP: 6/18 MP: 2/4
   738 | D:2      | Reached skill level 3 in Short Blades
   878 | D:2      | Gained mutation: Your natural rate of healing is unusually
                  | fast. [Vine Stalker growth]
   878 | D:2      | Reached XP level 4. HP: 23/23 MP: 5/5
   916 | D:2      | Found a faded altar of an unknown god.
  1707 | D:3      | Identified the +0 ring mail "Bupnof" {Will+}
  1797 | D:3      | Noticed Natasha
  1808 | D:3      | Killed Natasha
  1809 | D:3      | Reached XP level 5. HP: 28/28 MP: 6/6
  1921 | D:3      | Noticed Terence
  1944 | D:3      | Killed Terence
  1945 | D:3      | Reached skill level 4 in Short Blades
  1996 | D:3      | Noticed Natasha
  2008 | D:3      | Killed Natasha
  2184 | D:3      | Noticed Natasha
  2190 | D:3      | Killed Natasha
  2223 | D:4      | Reached XP level 6. HP: 32/32 MP: 5/7
  2402 | D:4      | Reached skill level 5 in Short Blades
  2509 | D:4      | Found a white marble altar of Elyvilon.
  2633 | D:4      | Reached XP level 7. HP: 20/37 MP: 8/8
  2683 | D:4      | Noticed Sigmund
  2716 | D:4      | Killed Sigmund
  2717 | D:4      | Reached skill level 6 in Short Blades
  2779 | D:4      | Found a broken altar of Ashenzari.
  2890 | D:4      | Upgraded the game from 0.30-a0-630-g881e3bac89 to
                  | 0.30-a0-634-g8abc85282e
  3293 | D:5      | Entered Level 5 of the Dungeon
  3515 | D:5      | Gained mutation: You have razor-sharp teeth. [Vine Stalker
                  | growth]
  3515 | D:5      | Reached XP level 8. HP: 11/42 MP: 2/9
  3651 | D:5      | Reached skill level 5 in Fighting
  3651 | D:5      | Reached skill level 7 in Short Blades
  3725 | D:5      | Reached skill level 1 in Shields
  3910 | D:5      | Succumbed to a gnoll's poison

Illustrated notes

Levels and vault maps discovered:
D:1:      minmay_arrival_four_loops, layout_basic, minmay_tetromino_i4
D:2:      layout_loops_ring, chequers_ecumenical_altar_twisty
D:3:      layout_loops_ring, uniq_natasha, uniq_terence
D:4:      layout_cave_pods, kennysheep_mini_moat, ashenzari_conservatory_becter,
          serial_column_ruins, column_ruins_circle_medium,
          column_ruins_square_small, column_ruins_open_small,
          column_ruins_grid_1, column_ruins_corridor_straight,
          column_ruins_open_tiny, column_ruins_open_small_water,
          column_ruins_grid_1, column_ruins_columns_water, uniq_sigmund
D:5:      layout_basic, minmay_quadrilaterals

Skill      XL: |  1  2  3  4  5  6  7  8 |
---------------+-------------------------+-----
Short Blades   | 2 3 4 5 6 7 |  7.4
Fighting       | 2 3 4 5 |  5.3
Shields        | 1 |  1.6
Throwing       | |  1.7
Dodging        | |  0.7
Stealth        | |  4.8

Action                   |  1- 3 |  4- 6 |  7- 9 || total
-------------------------+-------+-------+-------++-------
Melee: Dagger            |    78 |   202 |   152 ||   432
       Bite              |    21 |    55 |    56 ||   132
       Punch             |     1 |     1 |       ||     2
Throw: Dart              |     2 |     5 |     3 ||    10
       Throwing net      |       |       |     1 ||     1
  Use: Scroll            |       |     1 |       ||     1
 Stab: Sleeping          |     6 |       |     2 ||     8
Armor: Leather armour    |    10 |       |       ||    10
       Plate armour      |    33 |   121 |     4 ||   158
       Ring mail         |       |       |    29 ||    29
Dodge: Dodged            |    22 |    41 |    46 ||   109
Block: Buckler           |       |       |     5 ||     5

Table legend: (Time is in decaauts)
 A = Elapsed time spent in this place.
 B = Non-inter-level travel time spent in this place.
 C = Inter-level travel time spent in this place.
 D = Time resting spent in this place.
 E = Time spent auto-exploring this place.
 F = Levels seen in this place.
 G = Mean time per level.
                   A        B        C        D        E       F      G
               +--------+--------+--------+--------+--------+-----+--------+
         Total |   3823 |   3664 |    159 |      6 |   2803 |   5 |  764.6 |
       Dungeon |   3823 |   3664 |    159 |      6 |   2803 |   5 |  764.6 |
               +--------+--------+--------+--------+--------+-----+--------+

Top non-repeatable levels by time:
     D:4: 1057 daAuts
     D:2: 897 daAuts
     D:3: 709 daAuts
     D:1: 581 daAuts
     D:5: 578 daAuts
